IL
NORFOLK TIDES @ ROCHESTER RED WINGS
08/09/2045
 
TOP OF THE 1ST
Norfolk Tides batting - Pitching for Rochester Red Wings : LHP Pete Zamarron
Pitching: LHP Pete Zamarron
Batting: RHB Chase Cassidy 0-0: Called Strike
0-1: Foul Ball, location: 2F
0-2: Foul Ball, location: 2F
0-2: Ball
1-2: Strikes out swinging
Batting: RHB Andy Chess 0-0: Ball
1-0: Ball
2-0: Ball
3-0: Called Strike
3-1: SOLO HOME RUN (Line Drive, 78XD, EV 108.1 MPH), Distance : 404 ft
Batting: RHB Vince Jackson 0-0: Ball
1-0: Fly out, F8 (Flyball, 8RD, EV 95.6 MPH)
Batting: SHB Brian Bentz 0-0: Ball
1-0: Fly out, F5 (Line Drive, 5, EV 70.0 MPH)
Top of the 1st over - 1 run, 1 hit, 0 errors, 0 left on base; Norfolk 1 - Rochester 0
BOTTOM OF THE 1ST
Rochester Red Wings batting - Pitching for Norfolk Tides : RHP Ben Knapp
Pitching: RHP Ben Knapp
Batting: RHB Josh Zoglmann 0-0: Called Strike
0-1: Ball
1-1: Ground out 4-3 (Groundball, 4, EV 108.8 MPH)
Batting: LHB Shu-yen Guo 0-0: Ground out 6-3 (Groundball, 4M, EV 90.0 MPH)
Batting: LHB Steve Roepke 0-0: Called Strike
0-1: SINGLE (Groundball, 6M, EV 102.5 MPH) (infield hit)
Batting: LHB Armando Rendon 0-0: Ball
1-0: Reached on error, E4 (Groundball, 4, EV 111.2 MPH)
Steve Roepke to second
Batting: RHB Takashi Yamada 0-0: Called Strike
0-1: Ball
1-1: Swinging Strike
1-2: Strikes out swinging
Bottom of the 1st over - 0 runs, 1 hit, 1 error, 2 left on base; Norfolk 1 - Rochester 0
TOP OF THE 2ND
Norfolk Tides batting - Pitching for Rochester Red Wings : LHP Pete Zamarron
Batting: RHB Ricky Jimenez 0-0: Foul Ball, location: 2F
0-1: Ball
1-1: Ball
2-1: Foul Ball, location: 2F
2-2: Ball
3-2: Ground out 6-3 (Groundball, 6, EV 111.2 MPH)
Batting: RHB Michel Kamphuis 0-0: Called Strike
0-1: Called Strike
0-2: Ball
1-2: Single, Error in OF, E8, batter to second base (Line Drive, 8LS, EV 103.1 MPH)
Batting: RHB Geoffrey van der Wekken 0-0: Ball
1-0: Ball
2-0: Ball
3-0: Base on Balls
Batting: LHB Tom Edwards 0-0: Called Strike
0-1: Foul Ball, location: 2F
0-2: Grounds into double play, 4-6-3 (Groundball, 4, EV 80.6 MPH)
Top of the 2nd over - 0 runs, 1 hit, 1 error, 1 left on base; Norfolk 1 - Rochester 0
BOTTOM OF THE 2ND
Rochester Red Wings batting - Pitching for Norfolk Tides : RHP Ben Knapp
Batting: RHB Gustavo Mendiola 0-0: Ball
1-0: Fly out, F7 (Flyball, 7, EV 84.4 MPH)
Batting: RHB Cesar Yega 0-0: Foul Ball, location: 2F
0-1: Ball
1-1: Called Strike
1-2: Foul Ball, location: 2F
1-2: Ball
2-2: Foul Ball, location: 2F
2-2: Foul Ball, location: 2F
2-2: Foul Ball, location: 2F
2-2: Ball
3-2: Ground out 5-3 (Groundball, 56, EV 82.5 MPH)
Batting: SHB Kamiel Akkerman 0-0: Foul Ball, location: 2F
0-1: Foul Ball, location: 2F
0-2: Foul Ball, location: 2F
0-2: Strikes out swinging
Bottom of the 2nd over - 0 runs, 0 hits, 0 errors, 0 left on base; Norfolk 1 - Rochester 0
TOP OF THE 3RD
Norfolk Tides batting - Pitching for Rochester Red Wings : LHP Pete Zamarron
Batting: RHB Sal Espinosa 0-0: Called Strike
0-1: SINGLE (Line Drive, 9S, EV 103.8 MPH)
Pitching: LHP Inkei Wakamatsu
Batting: RHB Chase Cassidy 0-0: Ball
1-0: Called Strike
1-1: Ball
Passed Ball!
Sal Espinosa to second
2-1: Foul Ball, location: 2F
2-2: Foul Ball, location: 2F
2-2: Ball
3-2: Foul Ball, location: 2F
3-2: Ground out 5-3 (Groundball, 56S, EV 80.0 MPH)
Batting: RHB Andy Chess 0-0: Ball
Sal Espinosa steals 3rd base
1-0: Ball
2-0: Ball
3-0: Base on Balls
Batting: RHB Vince Jackson 0-0: Ball
1-0: Called Strike
1-1: Called Strike
1-2: Foul Ball, location: 2F
1-2: Reached on error, E5 (Groundball, 56, EV 90.0 MPH)
Sal Espinosa scores
Andy Chess to second
Batting: SHB Brian Bentz 0-0: Foul Ball, location: 2F
0-1: Ball
1-1: Ball
2-1: Grounds into double play, 5-4-3 (Groundball, 56, EV 87.5 MPH)
Top of the 3rd over - 1 run, 1 hit, 1 error, 1 left on base; Norfolk 2 - Rochester 0
BOTTOM OF THE 3RD
Rochester Red Wings batting - Pitching for Norfolk Tides : RHP Ben Knapp
Batting: RHB Alvin Wiederhold 0-0: Ground out 6-3 (Groundball, 6, EV 84.4 MPH)
Batting: RHB Josh Zoglmann 0-0: Foul Ball, location: 2F
0-1: Called Strike
0-2: Foul Ball, location: 2F
0-2: Ball
1-2: Ball
2-2: Ground out 4-3 (Groundball, 4, EV 89.4 MPH)
Batting: LHB Shu-yen Guo 0-0: Ball
1-0: Ground out 1-3 (Groundball, 13, EV 66.2 MPH)
Bottom of the 3rd over - 0 runs, 0 hits, 0 errors, 0 left on base; Norfolk 2 - Rochester 0
TOP OF THE 4TH
Norfolk Tides batting - Pitching for Rochester Red Wings : LHP Inkei Wakamatsu
Batting: RHB Ricky Jimenez 0-0: Called Strike
0-1: Foul Ball, location: 2F
0-2: Ball
1-2: Ball
2-2: Foul Ball, location: 2F
2-2: Ball
3-2: Fly out, F9 (Flyball, 9, EV 93.1 MPH)
Batting: RHB Michel Kamphuis 0-0: Ball
1-0: Foul Ball, location: 2F
1-1: Ball
2-1: Ball
3-1: Foul Ball, location: 2F
3-2: Foul Ball, location: 2F
3-2: Foul Ball, location: 2F
3-2: Foul Ball, location: 2F
3-2: Base on Balls
Pitching: RHP Isidro Aguirre
Batting: RHB Geoffrey van der Wekken 0-0: Ball
1-0: Called Strike
1-1: Ball
2-1: Fielders Choice at 2nd, 5-4 (Groundball, 5, EV 84.4 MPH)
Batting: LHB Tom Edwards 0-0: Ball
1-0: Ball
2-0: Called Strike
2-1: SINGLE (Line Drive, 34D, EV 106.9 MPH)
Geoffrey van der Wekken to second
Batting: RHB Sal Espinosa 0-0: Ball
1-0: Called Strike
1-1: Swinging Strike
1-2: Ball
2-2: Ball
3-2: Base on Balls
Geoffrey van der Wekken to third
Tom Edwards to second
Batting: RHB Chase Cassidy 0-0: Called Strike
0-1: Fly out, F9 (Line Drive, 9LM, EV 111.9 MPH)
Top of the 4th over - 0 runs, 1 hit, 0 errors, 3 left on base; Norfolk 2 - Rochester 0
BOTTOM OF THE 4TH
Rochester Red Wings batting - Pitching for Norfolk Tides : RHP Ben Knapp
Batting: LHB Steve Roepke 0-0: Ball
1-0: Called Strike
1-1: Ball
2-1: Swinging Strike
2-2: Ground out 4-3 (Groundball, 4, EV 102.5 MPH)
Batting: LHB Armando Rendon 0-0: Called Strike
0-1: Called Strike
0-2: Strikes out swinging
Batting: RHB Takashi Yamada 0-0: Ball
1-0: Called Strike
1-1: Ball
2-1: Foul Ball, location: 2F
2-2: Ball
3-2: Strikes out swinging
Bottom of the 4th over - 0 runs, 0 hits, 0 errors, 0 left on base; Norfolk 2 - Rochester 0
TOP OF THE 5TH
Norfolk Tides batting - Pitching for Rochester Red Wings : RHP Isidro Aguirre
Batting: RHB Andy Chess 0-0: Ball
1-0: Ball
2-0: DOUBLE (Line Drive, 7LD, EV 102.5 MPH)
Pitching: RHP Antonio Alcaraz
Batting: RHB Vince Jackson 0-0: SINGLE (Line Drive, 9S, EV 100.6 MPH)
Andy Chess to third
Batting: SHB Brian Bentz 0-0: Ball
1-0: SINGLE (Groundball, 4MD, EV 97.5 MPH)
Andy Chess scores
Vince Jackson to second
Batting: RHB Ricky Jimenez 0-0: Called Strike
0-1: Foul Ball, location: 2F
0-2: Ball
1-2: Grounds into double play, 5-4-3 (Groundball, 5, EV 90.0 MPH)
Vince Jackson to third
Batting: RHB Michel Kamphuis 0-0: DOUBLE (Groundball, 5L, EV 104.4 MPH)
Vince Jackson scores
Batting: RHB Geoffrey van der Wekken 0-0: Ball
1-0: Ball
2-0: Swinging Strike
2-1: Foul Ball, location: 2F
2-2: Ball
3-2: SINGLE (Line Drive, 5L, EV 104.4 MPH)
Michel Kamphuis to third
Runner from 3rd tries for Home, SAFE, throw by LF to home
Geoffrey van der Wekken to second
Batting: LHB Tom Edwards 0-0: Ball
1-0: Ball
2-0: Ball
3-0: Base on Balls
Pitching: RHP Fernando Macias
Batting: RHB Sal Espinosa 0-0: Called Strike
0-1: Ball
1-1: Ball
2-1: Swinging Strike
2-2: Ball
3-2: Base on Balls
Geoffrey van der Wekken to third
Tom Edwards to second
Batting: RHB Chase Cassidy 0-0: Ball
1-0: SINGLE (Line Drive, 6M, EV 98.8 MPH)
Geoffrey van der Wekken scores
Tom Edwards to third
Sal Espinosa to second
Runner from 3rd tries for Home, SAFE, throw by CF to home
Batting: RHB Andy Chess 0-0: Called Strike
0-1: Ball
1-1: Called Strike
1-2: Ball
2-2: Strikes out swinging
Top of the 5th over - 5 runs, 6 hits, 0 errors, 2 left on base; Norfolk 7 - Rochester 0
BOTTOM OF THE 5TH
Rochester Red Wings batting - Pitching for Norfolk Tides : RHP Ben Knapp
Batting: RHB Gustavo Mendiola 0-0: Called Strike
0-1: SINGLE (Groundball, 56S, EV 67.5 MPH) (infield hit)
Batting: RHB Cesar Yega 0-0: Ball
1-0: Foul Ball, location: 2F
1-1: Ball
2-1: Foul Ball, location: 2F
2-2: Fielders Choice at 2nd, 5-4 (Groundball, 5, EV 88.1 MPH)
Batting: SHB Kamiel Akkerman 0-0: Ball
1-0: Swinging Strike
1-1: Called Strike
1-2: Ball
2-2: Ball
3-2: Strikes out swinging
Cesar Yega steals 2nd base (no throw)
Batter strikes out.
Batting: RHB Alvin Wiederhold 0-0: Called Strike
0-1: Foul Ball, location: 2F
0-2: Ball
1-2: Strikes out swinging
Bottom of the 5th over - 0 runs, 1 hit, 0 errors, 1 left on base; Norfolk 7 - Rochester 0
TOP OF THE 6TH
Norfolk Tides batting - Pitching for Rochester Red Wings : RHP Fernando Macias
Batting: RHB Vince Jackson 0-0: Ball
1-0: Foul Ball, location: 2F
1-1: SINGLE (Line Drive, 5D, EV 96.2 MPH)
Batting: SHB Brian Bentz 0-0: Called Strike
0-1: Swinging Strike
0-2: Ball
1-2: Foul Ball, location: 2F
1-2: Ball
2-2: Foul Ball, location: 2F
2-2: Foul Ball, location: 2F
2-2: Foul Ball, location: 2F
2-2: Ball
3-2: Foul Ball, location: 2F
3-2: Foul Ball, location: 2F
3-2: SINGLE (Line Drive, 34D, EV 105.6 MPH)
Vince Jackson to second
Pitching: RHP Mike Ferry
Batting: RHB Ricky Jimenez 0-0: Ball
1-0: Foul Ball, location: 2F
1-1: Ball
2-1: Grounds into double play, 4-6-3 (Groundball, 34, EV 88.8 MPH)
Vince Jackson to third
Batting: RHB Michel Kamphuis 0-0: Ball
1-0: Foul Ball, location: 2F
1-1: Swinging Strike
1-2: Ground out U3 (Groundball, 23, EV 77.5 MPH)
Top of the 6th over - 0 runs, 2 hits, 0 errors, 1 left on base; Norfolk 7 - Rochester 0
BOTTOM OF THE 6TH
Rochester Red Wings batting - Pitching for Norfolk Tides : RHP Ben Knapp
Batting: RHB Josh Zoglmann 0-0: Ball
1-0: Ball
2-0: Ball
3-0: Called Strike
3-1: Foul Ball, location: 2F
3-2: Strikes out swinging
Batting: LHB Shu-yen Guo 0-0: Foul Ball, location: 2F
0-1: Ball
1-1: Foul Ball, location: 2F
1-2: Ball
2-2: Ball
3-2: Strikes out swinging
Batting: LHB Steve Roepke 0-0: Foul Ball, location: 2F
0-1: Ball
1-1: Foul Ball, location: 2F
1-2: Ball
2-2: Ball
3-2: Foul Ball, location: 2F
3-2: Foul Ball, location: 2F
3-2: Ground out 4-3 (Groundball, 4M, EV 102.5 MPH)
Bottom of the 6th over - 0 runs, 0 hits, 0 errors, 0 left on base; Norfolk 7 - Rochester 0
TOP OF THE 7TH
Norfolk Tides batting - Pitching for Rochester Red Wings : RHP Mike Ferry
Batting: RHB Geoffrey van der Wekken 0-0: Ball
1-0: Ball
2-0: Ball
3-0: Called Strike
3-1: Base on Balls
Batting: LHB Tom Edwards 0-0: Ball
1-0: Called Strike
1-1: Foul Ball, location: 2F
1-2: Foul Ball, location: 2F
1-2: Ball
2-2: Foul Ball, location: 2F
2-2: Foul Ball, location: 2F
2-2: Fielders Choice at 2nd, U6 (Groundball, 4M, EV 100.0 MPH)
Pitching: RHP Matt Gray
Batting: RHB Sal Espinosa 0-0: Ball
1-0: Called Strike
Tom Edwards steals 2nd base
1-1: Swinging Strike
1-2: Ball
2-2: Ball
3-2: Ground out 6-3 (Groundball, 56, EV 78.8 MPH)
Batting: RHB Chase Cassidy 0-0: Ball
1-0: Foul Ball, location: 2F
1-1: Swinging Strike
1-2: SINGLE (Groundball, 6D, EV 96.2 MPH)
Tom Edwards to third
Runner from 3rd tries for Home, throw by CF and OUT! 8-2
Top of the 7th over - 0 runs, 1 hit, 0 errors, 1 left on base; Norfolk 7 - Rochester 0
BOTTOM OF THE 7TH
Rochester Red Wings batting - Pitching for Norfolk Tides : RHP Ben Knapp
Batting: LHB Armando Rendon 0-0: Ball
1-0: Ball
2-0: Ball
3-0: Base on Balls
Batting: RHB Takashi Yamada 0-0: Called Strike
0-1: Fielders Choice at 2nd, 5-4 (Groundball, 5, EV 83.8 MPH)
Batting: RHB Gustavo Mendiola 0-0: SINGLE (Groundball, 6MD, EV 100.0 MPH)
Takashi Yamada to second
Batting: RHB Cesar Yega 0-0: DOUBLE (Line Drive, 7LM, EV 97.5 MPH)
Takashi Yamada scores
Gustavo Mendiola to third
Runner from 3rd tries for Home, SAFE, no throw by LF
Batting: SHB Kamiel Akkerman 0-0: Called Strike
0-1: Foul Ball, location: 2F
0-2: Ball
1-2: Strikes out swinging
Batting: RHB Alvin Wiederhold 0-0: Called Strike
0-1: Foul Ball, location: 2F
0-2: Ball
1-2: Foul Ball, location: 2F
1-2: Ball
2-2: Ball
3-2: 2-RUN HOME RUN (Flyball, 7D, EV 95.6 MPH), Distance : 371 ft
Batting: RHB Josh Zoglmann 0-0: Ball
1-0: Fly out, F8 (Line Drive, 8RD, EV 86.9 MPH)
Bottom of the 7th over - 4 runs, 3 hits, 0 errors, 0 left on base; Norfolk 7 - Rochester 4
TOP OF THE 8TH
Norfolk Tides batting - Pitching for Rochester Red Wings : RHP Matt Gray
Batting: RHB Andy Chess 0-0: Ball
1-0: Swinging Strike
1-1: Called Strike
1-2: Ball
2-2: Ball
3-2: Base on Balls
Batting: RHB Vince Jackson 0-0: Ball
1-0: DOUBLE (Groundball, 5L, EV 93.8 MPH)
Andy Chess to third
Batting: SHB Brian Bentz 0-0: Intentional Walk
Pitching: RHP Rich Nunez
Batting: RHB Ricky Jimenez 0-0: Called Strike
0-1: SINGLE (Line Drive, 89S, EV 100.6 MPH)
Andy Chess scores
Vince Jackson to third
Brian Bentz to second
Batting: RHB Michel Kamphuis 0-0: Called Strike
0-1: Swinging Strike
0-2: Strikes out swinging
Batting: RHB Geoffrey van der Wekken 0-0: Ball
1-0: Ball
2-0: Ball
3-0: Called Strike
3-1: Called Strike
3-2: Grounds into double play, 5-4-3 (Groundball, 56, EV 81.9 MPH)
Top of the 8th over - 1 run, 2 hits, 0 errors, 2 left on base; Norfolk 8 - Rochester 4
BOTTOM OF THE 8TH
Rochester Red Wings batting - Pitching for Norfolk Tides : RHP Ben Knapp
Pitching: RHP Tony Huete
Batting: LHB Shu-yen Guo 0-0: Ball
1-0: Called Strike
1-1: Ground out 4-3 (Groundball, 4, EV 78.1 MPH)
Batting: LHB Steve Roepke 0-0: Ball
1-0: Swinging Strike
1-1: SINGLE (Line Drive, 89M, EV 91.2 MPH)
Batting: LHB Armando Rendon 0-0: Ball
1-0: Fielders Choice at 2nd, 4-6 (Groundball, 4, EV 106.2 MPH)
Batting: RHB Takashi Yamada 0-0: Ball
1-0: Ball
2-0: Foul Ball, location: 2F
2-1: Called Strike
2-2: Ground out 4-3 (Groundball, 4, EV 80.0 MPH)
Bottom of the 8th over - 0 runs, 1 hit, 0 errors, 1 left on base; Norfolk 8 - Rochester 4
TOP OF THE 9TH
Norfolk Tides batting - Pitching for Rochester Red Wings : RHP Rich Nunez
Batting: LHB Tom Edwards 0-0: Called Strike
0-1: Swinging Strike
0-2: Ball
1-2: Strikes out looking
Batting: RHB Sal Espinosa 0-0: Ball
1-0: Ball
2-0: Ball
3-0: Swinging Strike
3-1: Called Strike
3-2: Base on Balls
Pitching: LHP Angel Vidaurri
Batting: RHB Chase Cassidy 0-0: Ball
1-0: Called Strike
Sal Espinosa steals 2nd base
1-1: Ground out U3 (Groundball, 34, EV 105.0 MPH)
Sal Espinosa to third
Batting: RHB Andy Chess 0-0: Called Strike
0-1: Ball
1-1: Foul Ball, location: 2F
1-2: Foul Ball, location: 2F
1-2: Ball
2-2: Strikes out swinging
Top of the 9th over - 0 runs, 0 hits, 0 errors, 1 left on base; Norfolk 8 - Rochester 4
BOTTOM OF THE 9TH
Rochester Red Wings batting - Pitching for Norfolk Tides : RHP Tony Huete
Batting: RHB Gustavo Mendiola 0-0: Called Strike
0-1: SINGLE (Groundball, 6MS, EV 66.9 MPH) (infield hit)
Batting: RHB Cesar Yega 0-0: Swinging Strike
0-1: Swinging Strike
0-2: Ball
1-2: Strikes out swinging
Batting: SHB Kamiel Akkerman 0-0: Fielders Choice at 2nd, 4-6 (Groundball, 4, EV 81.2 MPH)
Batting: RHB Alvin Wiederhold 0-0: Fielders Choice at 2nd, U4 (Groundball, 4M, EV 80.6 MPH)
Bottom of the 9th over - 0 runs, 1 hit, 0 errors, 1 left on base; Norfolk 8 - Rochester 4
Wednesday, June 22nd , 2022 - OOTP Baseball 23.4 Build 64